 Dungeon Crawl Stone Soup version 0.16-a0-3107-g0c274cb (webtiles) character file.

61 myeffort the Digger (level 3, 18/28 HPs)
             Began as a Deep Dwarf Earth Elementalist on Dec 12, 2014.
             Quit the game on level 2 of the Dungeon.
             The game lasted 00:04:10 (1305 turns).

myeffort the Digger (Deep Dwarf Earth Elementalist) Turns: 1305, Time: 00:04:10

Health: 18/28      AC:  6    Str: 11    XL:     3   Next: 83%
Magic:  5/5        EV: 12    Int: 16    God:
Gold:   76         SH:  0    Dex: 13    Spells: 2 memorised, 2 levels left

rFire  . . .     SeeInvis .     (no weapon)
rCold  . . .     Clarity  .     i - +0 leather armour
rNeg   . . .     SustAb   .     (no shield)
rPois  .         Gourm    .     (no helmet)
rElec  .         Spirit   .     e - +2 cloak
rCorr  .         Warding  .     (no gloves)
rMut   .         Stasis   .     (no boots)
MR     .....                    (no amulet)
Stlth  ++........               (no ring)
                                (no ring)

@: non-regenerating, not resistant to hostile enchantments, unstealthy
A: damage resistance, recharge devices, sense surroundings 1, slow healing 3
a: Device Recharging


You were on level 2 of the Dungeon.
You were very hungry.

You visited 1 branch of the dungeon, and saw 2 of its levels.

You collected 76 gold pieces.

Inventory:

Hand weapons
 a - a +0 short sword
Missiles
 o - 5 javelins
 u - 3 stones (quivered)
Armour
 e - a +2 cloak (worn)
 i - a +0 leather armour (worn)
Jewellery
 l - a +1 ring of dexterity {unknown}
Magical devices
 h - a wand of heal wounds (5)
Scrolls
 c - a scroll of noise {unknown}
 g - a scroll of random uselessness {unknown}
 p - 2 scrolls of remove curse {unknown}
 r - 3 scrolls of teleportation {unknown}
 t - a scroll of magic mapping {unknown}
 v - a scroll of enchant armour {unknown}
Potions
 m - a potion of lignification {unknown}
 n - a potion of resistance {unknown}
 s - a potion of agility {unknown}
Books
 d - a book of Geomancy

   Spells                             Type                      Level
   a - Sandblast                      Earth                        1
   b - Stoneskin                      Transmutation/Earth          2
   c - Passwall                       Transmutation/Earth          3
   d - Stone Arrow                    Conjuration/Earth            3
   e - Petrify                        Transmutation/Earth          4
   f - Lee's Rapid Deconstruction     Earth                        5
 q - a book of Geomancy

   Spells                             Type                      Level
   a - Sandblast                      Earth                        1
   b - Stoneskin                      Transmutation/Earth          2
   c - Passwall                       Transmutation/Earth          3
   d - Stone Arrow                    Conjuration/Earth            3
   e - Petrify                        Transmutation/Earth          4
   f - Lee's Rapid Deconstruction     Earth                        5
Comestibles
 b - 2 chunks of flesh
 f - 2 bread rations
 j - a meat ration
 k - a slice of pizza


   Skills:
 - Level 2.1 Dodging
 - Level 2.4 Stealth
 - Level 1.7 Spellcasting
 - Level 0.8 Transmutations
 + Level 6.4 Earth Magic


You had 2 spell levels left.
You knew the following spells:

 Your Spells              Type           Power        Failure   Level  Hunger
a - Sandblast             Erth           ###...       1%          1    ##.....
b - Stoneskin             Trmt/Erth      ##......     10%         2    ###....


Dungeon Overview and Level Annotations

Branches:
Dungeon (2/15)

Altars:


Innate Abilities, Weirdness & Mutations

You are resistant to damage.
You can recharge devices by infusing magical energy.
You passively map a small area around you.
You do not heal naturally.


Message History

The kobold hits you but does no damage. The kobold hits you with a dagger.
You hit the kobold.
You kill the kobold!
u - 2 stones
Things that are here:
a dagger; a kobold corpse
Things that are here:
a dagger; a kobold corpse
u - 3 stones (gained 1)
You are feeling very hungry.
You now have 76 gold pieces (gained 12).
You see here a dagger.
v - a scroll labeled JEORRYNUDI A goblin and a kobold come into view.
Found a silvery potion.
There are monsters nearby!
There are monsters nearby!
You are now empty-handed.
The kobold shouts!
Are you sure you want to abandon this character and quit the game? (Confirm with "yes".)

* !K. *#[..........
g......
#.......#.##
*......
#.....#.#... ,.....
#..........# * ....
#######.#... * ,...
#.#... #.# * #.##.#
#.###########.##.#
##@................
#...####..####.####
#.....##..####.####
#...#............).
###.####..####.####
#.......####.# ##
######.......# #.
######### #. #.


You could see a goblin (wandering) and a kobold.

Vanquished Creatures
  2 adders (D:2)
  4 giant geckos
  5 bats
  3 giant cockroaches
  3 goblins
  4 hobgoblins (D:1)
  4 jackals (D:1)
  5 kobolds
  6 rats
36 creatures vanquished.

Notes
Turn   | Place    | Note
--------------------------------------------------------------
     0 | D:1      | myeffort, the Deep Dwarf Earth Elementalist, began the quest for the Orb.
     0 | D:1      | Reached XP level 1. HP: 15/15 MP: 2/2
   285 | D:1      | Reached XP level 2. HP: 20/22 MP: 0/3
   387 | D:1      | Reached skill level 5 in Earth Magic
   484 | D:1      | Learned a level 2 spell: Stoneskin
   737 | D:1      | Reached XP level 3. HP: 22/28 MP: 5/5
  1097 | D:2      | Reached skill level 6 in Earth Magic
  1305 | D:2      | Quit the game

Action                   || total
-------------------------++-------
Melee: Unarmed           ||    20
       Short sword       ||    86
Throw: Stone             ||     3
       Javelin           ||     1
 Cast: Sandblast         ||    31
  Eat: Chunk             ||     1
